AoeStats
← FaKuuuu

Black Forest

510944788Analyzed
2v2 RM · 12h ago on Oct 3, 2026· 49m 7s· 4 players
Game mode
Random Map
Map size
Medium (4 player)
Population
200
Speed
Normal
Resources
Standard
Victory
Conquest
Starting age
Dark Age
Ending age
Imperial Age
RankedLock teamsTeams togetherTeam positionsShared explorationLock speedFull tech treeHidden civsTurbo modeCheats
Victory
Defeat
🇨🇳 Portuguese · China
1148
+18
🇦🇷 Persians · Argentina
1113
+19
🇹🇼 Wu · Taiwan
1201
-19
🇹🇼 Danes · Taiwan
1162
-18
rower56
1:17 Loom
13:30 Feudal Age
13:57 Horse Collar
14:05 Double-Bit Axe
19:10 Castle Age
17:33 Stone Mining
17:38 Gold Mining
20:20 Bow Saw
20:11 Heavy Plow
21:20 Fervor
27:42 Imperial Age
25:54 Wheelbarrow
27:20 Hand Cart
27:22 Fortified Wall
28:39 Fletching
28:49 Scale Mail Armor
29:00 Forging
28:13 Crossbowman
28:58 Thumb Ring
30:14 Chemistry
30:05 Conscription
30:54 Guilds
31:51 Two-Man Saw
31:18 Bodkin Arrow
31:38 Chain Mail Armor
31:50 Ballistics
32:03 Bracer
32:18 Chain Mail Armor
33:25 Chain Mail Armor
33:45 Iron Casting
33:11 Padded Archer Armor
32:34 Man-at-Arms
34:01 Coinage
33:57 Block Printing
34:18 Theocracy
34:48 Arquebus
35:41 Banking
35:41 Siege Engineers
35:45 Town Watch
36:24 Leather Archer Armor
36:45 Plate Mail Armor
36:09 Arbalester
38:08 Bombard Tower
38:41 Town Patrol
38:51 Long Swordsman
39:16 Gambesons
38:52 Pikeman
40:12 Ring Archer Armor
40:17 Iron Casting
39:56 Masonry
40:28 Murder Holes
40:14 Treadmill Crane
41:05 Architecture
42:16 Two-Handed Swordsman
46:47 Champion
47:00 Halberdier
49:04 Blast Furnace
FaKuuuu
0:26 Loom
10:41 Feudal Age
15:27 Castle Age
14:29 Double-Bit Axe
14:41 Horse Collar
32:16 Imperial Age
32:22 Bow Saw
32:14 Gold Mining
32:17 Onager
34:50 Husbandry
35:00 Bloodlines
37:41 Cavalier
39:33 Scale Barding Armor
39:38 Forging
41:14 Light Cavalry
41:21 Crossbowman
43:34 Kamandaran
45:50 Iron Casting
45:36 Chain Barding Armor
45:07 Fletching
45:23 Hussar
48:14 Two-Man Saw
48:06 Bodkin Arrow
49:38 Ballistics
50:24 Chemistry
只有實力這一塊
0:54 Loom
11:50 Feudal Age
16:57 Castle Age
15:29 Double-Bit Axe
16:17 Stone Mining
16:59 Fletching
17:24 Horse Collar
18:14 Bodkin Arrow
24:33 Red Cliffs Tactics
26:04 Wheelbarrow
28:49 Hand Cart
31:15 Gold Mining
34:29 Imperial Age
32:52 Scale Mail Armor
33:02 Forging
33:37 Gold Shaft Mining
32:49 Pikeman
33:30 Squires
34:57 Stone Shaft Mining
34:59 Iron Casting
34:41 Chain Mail Armor
35:54 Bloodlines
35:45 Husbandry
36:17 Bow Saw
35:42 Heavy Hei Guang Cavalry
36:05 Light Cavalry
37:56 Heavy Plow
37:58 Bracer
39:06 Scale Barding Armor
40:01 Blast Furnace
39:08 Halberdier
39:47 Town Watch
41:09 Hussar
42:20 Conscription
44:56 Padded Archer Armor
47:14 Plate Mail Armor
47:53 Arson
48:48 Chain Barding Armor
大老7
8:23 Loom
10:19 Feudal Age
13:43 Double-Bit Axe
17:22 Castle Age
15:15 Horse Collar
17:25 Gold Mining
18:44 Wheelbarrow
21:41 Gold Shaft Mining
22:29 Bow Saw
25:48 Imperial Age
23:23 Squires
23:26 Scale Mail Armor
23:38 Heavy Plow
23:42 Gambesons
25:28 Forging
25:57 Onager
29:57 Devotion
31:25 Elite Varangian Guard
32:26 Chain Mail Armor
32:03 Arson
33:29 Conscription
34:03 Iron Casting
33:31 Hamask
35:24 Hand Cart
35:48 Siege Engineers
37:19 Siege Onager
39:17 Northmen's Fury
41:52 Plate Mail Armor
43:31 Pikeman
44:43 Halberdier
Connection lost

Rejoining the realm…

Still unreachable

The connection could not be restored.

Session expired

The server has moved on; the page needs a fresh start.